 Dungeon Crawl Stone Soup version 0.21-a0 (webtiles) character file.

1520 Kriby the Conjurer (level 8, -7/46 HPs)
             Began as an Octopode Wizard on May 20, 2017.
             Was a Follower of Vehumet.
             Mangled by an orc warrior
             ... wielding a +0 war axe
              (15 damage)
             ... on level 6 of the Dungeon.
             The game lasted 00:19:02 (10094 turns).

Kriby the Conjurer (Octopode Wizard)               Turns: 10094, Time: 00:19:03

Health: -7/46      AC:  1    Str:  6    XL:     8   Next: 84%
Magic:  0/17       EV: 13    Int: 23    God:    Vehumet [*.....]
Gold:   230        SH:  5    Dex: 10    Spells: 10/19 levels left

rFire    . . .     SeeInvis .   v - +3 shortbow (velocity)
rCold    . . .     Gourm    .   (shield currently unavailable)
rNeg     . . .     Faith    .   a - +0 hat
rPois    .         Spirit   .   r - +5 amulet of reflection
rElec    .         Reflect  +   (no ring)
rCorr    .         Harm     .   (no ring)
MR       .....                  (no ring)
Stlth    +++.......             (no ring)
Regen    0.2/turn               (no ring)
MPRegen  0.2/turn               (no ring)
                                (no ring)
                                (no ring)

@: very slightly contaminated
A: almost no armour, stealthy swim, amphibious, 8 rings, constrict 8, antennae
1, tentacle spike 1, camouflage 1, gelatinous body 1, evolution 1
a: Renounce Religion


You were on level 6 of the Dungeon.
You worshipped Vehumet.
Vehumet was aware of your devotion.
You were not hungry.

You visited 2 branches of the dungeon, and saw 8 of its levels.

You collected 230 gold pieces.

Inventory:

Hand Weapons
 n - a +0 dagger of protection
 v - a +3 shortbow of velocity (weapon)
Missiles
 w - 25 arrows (quivered)
Armour
 a - a +0 hat (worn)
Magical Staves
 e - an uncursed staff of cold
Jewellery
 r - a +5 amulet of reflection (around mantle)
Scrolls
 h - a scroll of fog
 i - a scroll of remove curse
 k - a scroll of identify
 q - a scroll of magic mapping
 x - a scroll of recharging
Potions
 j - a potion of haste
 m - a potion of cancellation
 o - a potion of flight {unknown}
 t - 2 potions of degeneration {unknown}
 z - a potion of might {unknown}
 A - a potion of lignification {unknown}
Books
 b - a book of Minor Magic

   Spells                             Type                      Level
   a - Magic Dart                     Conjuration                  1
   b - Blink                          Translocation                2
   c - Call Imp                       Summoning                    2
   d - Slow                           Hexes                        2
   e - Conjure Flame                  Conjuration/Fire             3
   f - Mephitic Cloud                 Conjuration/Poison/Air       3
 d - a book of Necromancy

   Spells                             Type                      Level
   a - Pain                           Necromancy                   1
   b - Animate Skeleton               Necromancy                   1
   c - Vampiric Draining              Necromancy                   3
   d - Regeneration                   Charms/Necromancy            3
   e - Animate Dead                   Necromancy                   4
   f - Control Undead                 Necromancy                   4
 u - a book of Changes

   Spells                             Type                      Level
   a - Beastly Appendage              Transmutation                1
   b - Sticks to Snakes               Transmutation                2
   c - Spider Form                    Transmutation/Poison         3
   d - Ice Form                       Ice/Transmutation            4
   e - Blade Hands                    Transmutation                5
Comestibles
 c - 3 bread rations
 g - 3 meat rations
 l - 2 royal jellies


   Skills:
 + Level 4.2 Bows
 - Level 2.0 Dodging
 - Level 2.6 Stealth
 - Level 6.1 Spellcasting
 - Level 7.8 Conjurations
 - Level 1.0 Summonings
 - Level 1.0 Translocations


You had 10 spell levels left.
You knew the following spells:

 Your Spells              Type           Power        Failure   Level  Hunger
a - Magic Dart            Conj           ####         1%          1    None
c - Call Imp              Summ           ##......     9%          2    None
g - Mephitic Cloud        Conj/Pois/Air  ###.....     9%          3    #......
O - Animate Skeleton      Necr           N/A          9%          1    None
T - Blink                 Tloc           N/A          9%          2    None


Dungeon Overview and Level Annotations

Branches:
Dungeon (7/15)             Temple (1/1) D:6

Altars:
Ashenzari
Cheibriados
Dithmenos
Elyvilon
Fedhas
Gozag
Kikubaaqudgha
Makhleb
Nemelex Xobeh
Okawaru
Qazlal
Ru
Sif Muna
Trog
Uskayaw
Vehumet
Wu Jian
Xom
Yredelemnul
Zin
The Shining One

Annotations:
D:4 Eustachio; tilp's ghost, novice HOFE


Innate Abilities, Weirdness & Mutations

You cannot wear most types of armour.
You are very stealthy in the water. (Stealth+)
You are amphibious.
You can wear up to eight rings at the same time.
You can use your tentacles to constrict eight enemies at once.
Your skin changes colour to match your surroundings (Stealth+).
Your rubbery body absorbs attacks. (AC +1, EV +1)
You have a pair of small antennae on your head.
One of your tentacles bears a spike.
You evolve.


Message History

The orc warrior is severely wounded.
Casting: Mephitic Cloud
Confirm with . or Enter, or press ? or * to list all spells.
You blink.
Firing (i - inventory):
w - 27 arrows (quivered)
Press: ? - help, Shift-Dir - straight line, f/p - orc warrior
Aim: an orc warrior, wielding a war axe and wearing a chain mail (severely wounded)
You shoot an arrow. The arrow hits the orc warrior.
The orc warrior is almost dead.
Firing (i - inventory):
w - 26 arrows (quivered)
Press: ? - help, Shift-Dir - straight line, f/p - orc warrior
Aim: an orc warrior, wielding a war axe and wearing a chain mail (almost dead)
You shoot an arrow.
The arrow hits the orc warrior but does no damage.
The orc warrior is almost dead.
Casting: Blink
Confirm with . or Enter, or press ? or * to list all spells.
You miscast Blink.
Strange energies run through your body.
The orc warrior hits you with a war axe!
You die...

##.......#
###........#
##...###....#
###..### ###..##
###..#### ##..##
###.......### ##..##
##......(....## ##..#
###.............##
#..##
###..#....>....o@..##
##..##
#..##.........(.....#
##..#####
..###.......(.......#
#........ ###
#...............#
#........ #
##......(........#
#.......>
#.......(........#
#........
#................#
#........ #
#................#
#....[...
#####.........[.....#
##.......


You could see an orc warrior.

Vanquished Creatures
  A bullfrog (D:6)
  A crimson imp (D:6)
  A howler monkey (D:7)
  2 jellies (D:6)
  3 hounds
  An orc priest (D:5)
  3 orc wizards
  A bullfrog skeleton (D:4)
  Jessica (D:3)
  An iguana (D:6)
  7 worker ants
  A worker ant zombie (D:5)
  2 gnolls (D:4)
  6 adders
  A shadow imp (D:6)
  2 oozes (D:4)
  2 adder skeletons (D:4)
  2 worms (D:3)
  6 dart slugs
  4 leopard geckos
  11 orcs
  A ball python (D:6)
  6 giant cockroaches
  16 goblins
  8 hobgoblins
  9 jackals
  6 kobolds
  2 quokkas
  2 bats
  8 frilled lizards
  A giant cockroach zombie (D:5)
  A leopard gecko skeleton (D:4)
  5 rats
124 creatures vanquished.

Vanquished Creatures (collateral kills)
  Grinder (D:6)
  An orc warrior (D:6)
  2 ogres
  2 centaurs
  2 scorpions
  A killer bee (D:7)
  A crimson imp (D:5)
  A hound (D:6)
  An orc wizard (D:5)
  An orc priest (D:6)
  2 worker ants
  Robin (D:3)
  4 adders
  4 gnolls
  3 orcs (D:6)
  A giant cockroach (D:6)
  A goblin (D:3)
  2 jackals
31 creatures vanquished.

Grand Total: 155 creatures vanquished

Notes
Turn   | Place    | Note
-------+----------+-------------------------------------------
     0 | D:1      | Kriby the Octopode Wizard began the quest for the Orb.
     0 | D:1      | Reached XP level 1. HP: 11/11 MP: 4/4
   225 | D:1      | Reached XP level 2. HP: 17/17 MP: 1/6
   458 | D:1      | Reached skill level 2 in Conjurations
  1005 | D:2      | Reached XP level 3. HP: 21/21 MP: 4/7
  1084 | D:2      | Found a hide-covered altar of Uskayaw.
  1089 | D:2      | Found a shimmering altar of Xom.
  1736 | D:2      | Found an opulent altar of Gozag.
  1862 | D:2      | Reached skill level 3 in Conjurations
  1862 | D:2      | Reached XP level 4. HP: 27/27 MP: 7/9
  2451 | D:3      | Learned a level 2 spell: Blink
  2454 | D:3      | Learned a level 2 spell: Call Imp
  2458 | D:3      | Learned a level 3 spell: Mephitic Cloud
  2594 | D:3      | Noticed Robin
  2595 | D:3      | Reached XP level 5. HP: 31/31 MP: 0/11
  2656 | D:3      | Killed Robin
  2815 | D:3      | Noticed Jessica
  3105 | D:3      | Killed Jessica
  3105 | D:3      | Reached skill level 4 in Conjurations
  3159 | D:3      | Found a glowing golden altar of the Shining One.
  3450 | D:4      | Reached XP level 6. HP: 30/36 MP: 4/12
  3454 | D:4      | Noticed tilp's ghost (novice HOFE)
  3933 | D:4      | Gained mutation: You are dopey. (Int -2) [potion of mutation]
  3933 | D:4      | Gained mutation: You evolve. [potion of mutation]
  3933 | D:4      | Gained mutation: You have a pair of small antennae on your head. [potion of mutation]
  4273 | D:4      | Reached skill level 5 in Conjurations
  4798 | D:4      | Reached skill level 5 in Spellcasting
  4798 | D:4      | Reached XP level 7. HP: 41/41 MP: 5/14
  4857 | D:4      | Noticed Eustachio
  5011 | D:3      | Lost mutation: You are dopey. (Int -2) [evolution]
  5031 | D:4      | Learned a level 1 spell: Animate Skeleton
  5657 | D:5      | Entered Level 5 of the Dungeon
  5691 | D:5      | Reached skill level 6 in Conjurations
  6686 | D:5      | Reached skill level 1 in Bows
  7329 | D:6      | Reached XP level 8. HP: 15/46 MP: 6/16
  7590 | D:6      | Found a staircase to the Ecumenical Temple.
  7615 | Temple   | Entered the Ecumenical Temple
  7852 | Temple   | Became a worshipper of Vehumet
  7857 | Temple   | Gained mutation: One of your tentacles bears a spike. [evolution]
  8194 | D:6      | Reached skill level 7 in Conjurations
  8352 | D:6      | Noticed Grinder
  8352 | D:6      | Paralysed by Grinder for 2 turns
  8365 | D:6      | Paralysed by Grinder for 2 turns
  8386 | D:6      | Killed Grinder
  8577 | D:6      | Found a hide-covered altar of Uskayaw.
  9712 | D:7      | Noticed a troll
  9731 | D:6      | Reached * piety under Vehumet
  9731 | D:6      | Offered knowledge of Freeze by Vehumet.
 10059 | D:6      | HP: 2/46 [orc warrior/war axe (11)]
 10094 | D:6      | Mangled by an orc warrior

Vault maps used:
D:1:      lemuel_arrival_behind_the_door_large, minivault_19
D:2:      grunt_temple_overflow_open, nicolae_gozag_seed_capital
D:3:      tso_oasis_becter, uniq_jessica, uniq_robin
D:4:      uniq_grinder, uniq_eustachio
D:5:      first_bread
D:6:      temple_green, lemuel_tele_altar
D:7:      basic_altar
Temple:   eino_narrow_crystal_temple

Skill      XL: |  1  2  3  4  5  6  7  8 |
---------------+-------------------------+-----
Conjurations   | 2 3 4 5 6 7 |  7.8
Spellcasting   | 4 5 6 |  6.1
Bows           | 1 4 |  4.2
Dodging        | |  2.0
Stealth        | |  2.6
Summonings     | |  1.0
Translocations | |  1.0

Action                   |  1- 3 |  4- 6 |  7- 9 || total
-------------------------+-------+-------+-------++-------
Melee: Unarmed           |    13 |       |       ||    13
       Constrict         |     5 |     7 |     4 ||    16
       Tentacles         |     3 |     7 |    10 ||    20
       Dagger            |     3 |    44 |    50 ||    97
       Kick              |       |       |     5 ||     5
 Fire: Shortbow          |       |       |   100 ||   100
 Cast: Magic Dart        |    74 |   113 |    97 ||   284
       Call Imp          |       |    24 |    60 ||    84
       Blink             |       |     3 |     9 ||    12
       Animate Skeleton  |       |       |     5 ||     5
       Mephitic Cloud    |       |       |    12 ||    12
  Use: Potion            |       |     5 |     4 ||     9
       Scroll            |       |       |    11 ||    11
 Stab: Sleeping          |       |       |     1 ||     1
  Eat: Chunk             |     2 |    10 |    10 ||    22
       Meat ration       |       |       |     1 ||     1
       Fruit             |       |       |     1 ||     1
Armor: Skin              |     5 |    12 |    18 ||    35
Dodge: Dodged            |     9 |    35 |    77 ||   121
Block: Other             |       |       |     8 ||     8
